 Dungeon Crawl Stone Soup version 0.18-a0-1229-ge9a1a01 (webtiles) character file.

5383 namelastname112 the Scholar of Death (level 10, -1/75 HPs)
             Began as a Black Draconian Wanderer on Feb 4, 2016.
             Was a Follower of Kikubaaqudgha.
             Slain by an unseen horror (11 damage)
             ... on level 9 of the Dungeon on Feb 5, 2016.
             The game lasted 00:19:38 (8192 turns).

namelastname112 the Scholar of Death (DrWn)         Turns: 8192, Time: 00:19:42

Health: -1/75      AC: 10    Str: 10 (12) XL:     10   Next: 39%
Magic:  17/17      EV: 15    Int: 13 (14) God:    Kikubaaqudgha [*.....]
Gold:   444        SH:  0    Dex: 13      Spells: 4 memorised, 11 levels left

rFire  + . .     SeeInvis .     B - +4 quarterstaff (chaos)
rCold  . . .     Gourm    .     (armour unavailable)
rNeg   . . .     Faith    .     (shield currently unavailable)
rPois  .         Spirit   .     (helmet restricted)
rElec  +         Dismiss  .     H - +2 cloak {+Inv}
rCorr  .         Reflect  .     (no gloves)
SustAt .         Harm     .     (no boots)
MR     +....                    l - amulet of regeneration
Stlth  ++........               g - ring of protection from magic
                                L - ring of protection from fire (curse)

@: somewhat resistant to hostile enchantments, unstealthy
A: breathe lightning, unfitting armour, talons 2, blurry vision 1, deterioration
1, dopey 1, frail 1, mutation resistance 1, sense surroundings 1, electricity
resistance, cold-blooded, AC +7
a: Breathe Lightning, Receive Corpses, Renounce Religion, Evoke Invisibility


You were on level 9 of the Dungeon.
You worshipped Kikubaaqudgha.
Kikubaaqudgha was aware of your devotion.
You were not hungry.

You visited 2 branches of the dungeon, and saw 10 of its levels.

You collected 507 gold pieces.
You spent 63 gold pieces at shops.

Inventory:

Hand Weapons
 a - a +2 spear
 B - a +4 quarterstaff of chaos (weapon)
Missiles
 y - 5 javelins of penetration
 z - 2 javelins (quivered)
Armour
 H - a +2 cloak of invisibility (worn)
Jewellery
 g - a ring of protection from magic (right hand)
 l - an amulet of regeneration (around neck)
 L - a cursed ring of protection from fire (left hand)
Wands
 d - a wand of iceblast (6/15)
 k - a wand of digging (7/24)
 n - a wand of random effects (23/48)
 r - a wand of lightning (9/15)
 K - a wand of acid (8/15)
 O - a wand of paralysis (9/24)
Scrolls
 f - a scroll of fog
 q - 2 scrolls of recharging
 s - 2 scrolls of teleportation
 u - 3 scrolls of remove curse
 x - 2 scrolls of amnesia
 D - a scroll of blinking
 E - 2 scrolls of identify
 G - 2 scrolls of enchant armour
 J - a scroll of noise {unknown}
 N - a scroll of magic mapping
Potions
 b - a potion of curing
 e - 3 potions of ambrosia
 h - a potion of cure mutation
 i - 3 potions of magic
 j - a potion of haste {unknown}
 v - 2 potions of agility
 w - 2 potions of berserk rage
 A - 2 potions of resistance {unknown}
 C - a potion of brilliance {unknown}
 F - 2 potions of might {unknown}
Books
 o - a Fen Folio

   Spells                             Type                      Level
   a - Corpse Rot                     Necromancy                   2
   b - Stone Arrow                    Conjuration/Earth            3
   c - Leda's Liquefaction            Hexes/Earth                  4
   d - Summon Forest                  Summoning/Translocation      5
   e - Hydra Form                     Transmutation                6
   f - Summon Hydra                   Summoning                    7
 t - Kikubaaqudgha's Incunabulum of Stolen Souls
   (Kikubaaqudgha gifted it to you on level 9 of the Dungeon)

   Spells                             Type                      Level
   a - Animate Skeleton               Necromancy                   1
   b - Corpse Rot                     Necromancy                   2
   c - Sublimation of Blood           Necromancy                   2
   d - Vampiric Draining              Necromancy                   3
   e - Control Undead                 Necromancy                   4
Comestibles
 c - 6 bread rations
 m - a royal jelly
 p - 3 meat rations
 I - 18 fruits
 M - 2 chunks of flesh


   Skills:
 + Level 6.9 Fighting
 - Level 4.0(5.3) Polearms
 + Level 5.2(5.9) Staves
 - Level 2.7 Throwing
 + Level 6.1 Dodging
 - Level 1.0 Stealth
   Level 1.0 Shields
 + Level 5.2 Spellcasting
   Level 2.0 Summonings
 * Level 8.2 Necromancy
   Level 2.0 Poison Magic


You had 11 spell levels left.
You knew the following spells:

 Your Spells              Type           Power        Failure   Level  Hunger
a - Corpse Rot            Necr           N/A          1%          2    ##.....
s - Vampiric Draining     Necr           ###.......   1%          3    ###....
v - Sublimation of Blood  Necr           ###.......   1%          2    ##.....
z - Animate Skeleton      Necr           N/A          1%          1    None


Dungeon Overview and Level Annotations

Branches:
Dungeon (9/15)             Temple (1/1) D:6
   Lair: D:8-11         Orc: D:9-12

Altars:
Ashenzari
Fedhas
Kikubaaqudgha
Nemelex Xobeh
Pakellas
Qazlal
Ru
Sif Muna
Trog
Vehumet
Xom
Yredelemnul
Zin
The Shining One

Shops:
D:5 (   D:6 *


Innate Abilities, Weirdness & Mutations

You can breathe wild blasts of lightning.
Your glossy black scales are hard (AC +7).
Your body does not fit into most forms of armour.
You are resistant to electric shocks.
You are cold-blooded and may be slowed by cold attacks.
You have razor-sharp toenails.
Scrolls take you a little longer to read.
Your body sometimes deteriorates upon taking damage.
You are dopey. (Int -2)
You are frail (-10% HP).
You are somewhat resistant to further mutation.
You passively map a small area around you.


Message History

You hit something. You burn something. Your kick misses something.
Something barely misses you.
You swing at nothing.
Something hits you.
* * * LOW HITPOINT WARNING * * *
You swing at nothing.
Something hits you but does no damage.
You swing at nothing.
Something hits you.
* * * LOW HITPOINT WARNING * * *
You swing at nothing.
Something hits you.
* * * LOW HITPOINT WARNING * * *
You closely miss something.
Something hits you but does no damage. x2
Something hits you.
* * * LOW HITPOINT WARNING * * *
You hit something. Something hits you but does no damage.
You swing at nothing.
Your orc skeleton crumbles into dust!
Something hits you.
* * * LOW HITPOINT WARNING * * *
Something hits you!
You die...
Kikubaaqudgha rasps: "You have failed me!
Welcome... death!"

...............# , '.......#
...............# #.......#
.............Z.# ,#.......#
...............######.......#
'#..........................#
.#...#####'#####)...........#
.#...#..>......#.#######....#
.#...#.........#(# #....#
.#..Z#.........#@## #....#
.#...#.........#..# #....#####
.#...#........##..# ##........
.#...#........#...# #..(.....
##...#........#...# #........
.....##########...#######....(...
..(..<....)......................
..)............................).
.................................


There were no monsters in sight!

Vanquished Creatures
  Pikel (D:8)
  Maurice (D:8)
  A tengu conjurer (D:9)
  Sigmund (D:6)
  A vampire (D:9)
  Duvessa (D:6)
  2 orc warriors
  3 ice beasts
  An eye of draining (D:9)
  3 black bears
  An ogre (D:9)
  A phantom (D:8)
  2 sky beasts (D:7)
  3 centaurs
  2 giant frogs
  Blork the orc (D:4)
  Dowan (D:6)
  A gnoll sergeant (D:8)
  2 wyvern skeletons
  6 scorpions
  5 wights (D:7)
  5 crimson imps
  The ghost of Scytalen the Conjurer, a weakling DECj (D:3)
  A centaur zombie (D:9)
  A giant frog skeleton (D:6)
  2 giant frog zombies (D:6)
  A hound (D:6)
  Crazy Yiuf (D:4)
  A centaur skeleton (D:9)
  6 orc priests
  2 jellies
  A gnoll shaman (D:9)
  5 worker ants
  3 iguanas
  10 orc wizards
  Robin (D:4)
  A worker ant zombie (D:6)
  10 gnolls
  11 adders
  2 river rats (D:3)
  2 oozes
  2 adder skeletons
  2 worms
  7 giant geckos
  42 orcs
  4 giant cockroaches
  11 goblins
  20 hobgoblins
  9 jackals
  7 quokkas
  3 ball pythons (D:3)
  5 bats
  A giant gecko zombie (D:6)
  8 giant newts
  A jackal skeleton (D:7)
  3 kobolds
  A quokka skeleton (D:8)
  13 rats
246 creatures vanquished.

Vanquished Creatures (others)
  A centaur (D:5)
1 creature vanquished.

Grand Total: 247 creatures vanquished

Notes
Turn   | Place    | Note
--------------------------------------------------------------
     0 | D:1      | namelastname112 the Draconian Wanderer began the quest for the Orb.
     0 | D:1      | namelastname112 set off with: a +2 spear, 2 potions of curing, a bread ration
     0 | D:1      | Reached XP level 1. HP: 16/16 MP: 2/2
   190 | D:1      | Reached XP level 2. HP: 14/23 MP: 3/3
   621 | D:2      | Reached skill level 1 in Polearms
   687 | D:2      | Found a deep blue altar of Sif Muna.
   702 | D:2      | Reached XP level 3. HP: 15/29 MP: 4/4
  1264 | D:2      | Found a sacrificial altar of Ru.
  1496 | D:3      | Reached XP level 4. HP: 36/36 MP: 5/5
  1592 | D:3      | Found a shattered altar of Ashenzari.
  1642 | D:3      | Noticed Scytalen's ghost (weakling DECj)
  1671 | D:3      | Killed Scytalen's ghost
  1772 | D:3      | Reached XP level 5. HP: 36/42 MP: 6/6
  1890 | D:3      | Found a glowing golden altar of the Shining One.
  1958 | D:3      | Found a sparkling altar of Nemelex Xobeh.
  2126 | D:3      | Reached skill level 3 in Polearms
  2146 | D:3      | Found a glowing drain.
  2271 | D:3      | Learned a level 2 spell: Corpse Rot
  2490 | D:4      | Noticed Robin
  2515 | D:4      | Reached XP level 6. HP: 39/51 MP: 7/7
  2526 | D:4      | Killed Robin
  2533 | D:4      | Reached skill level 1 in Necromancy
  2864 | D:4      | Reached XP level 7. HP: 8/57 MP: 9/9
  2864 | D:4      | Your scales start taking on a glossy black colour.
  2864 | D:4      | Gained mutation: You are resistant to electric shocks. [Black Draconian growth]
  3230 | D:4      | Noticed Blork the orc
  3237 | D:4      | Killed Blork the orc
  3265 | D:4      | Noticed Crazy Yiuf
  3266 | D:4      | Killed Crazy Yiuf
  3266 | D:4      | Reached skill level 4 in Polearms
  3422 | D:5      | Entered Level 5 of the Dungeon
  3551 | D:5      | Found a radiant altar of Vehumet.
  3570 | D:5      | Reached skill level 1 in Staves
  3762 | D:5      | Reached XP level 8. HP: 58/66 MP: 10/12
  4052 | D:5      | Found Atteleysmy's Weapon Shop.
  4477 | D:6      | Noticed Duvessa
  4479 | D:6      | Noticed Dowan
  4488 | D:6      | Killed Duvessa
  4514 | D:6      | Killed Dowan
  4640 | D:6      | Found a shimmering altar of Xom.
  4716 | D:6      | Found a basalt altar of Yredelemnul.
  4754 | D:6      | Found Ymon's Assorted Antiques.
  4766 | D:6      | Reached skill level 5 in Necromancy
  4778 | D:6      | Bought a scroll labeled ELEDOSKAWNEL for 22 gold pieces
  4778 | D:6      | Bought a scroll labeled ZIFULUWAXAO for 22 gold pieces
  4778 | D:6      | Bought an amethyst potion for 19 gold pieces
  4955 | D:6      | Noticed Sigmund
  4958 | D:6      | Killed Sigmund
  4958 | D:6      | Reached skill level 5 in Fighting
  5195 | D:6      | Reached XP level 9. HP: 34/74 MP: 14/14
  5361 | D:6      | Found a staircase to the Ecumenical Temple.
  5376 | Temple   | Entered the Ecumenical Temple
  5381 | Temple   | Became a worshipper of Kikubaaqudgha
  5799 | D:7      | Gained mutation: You are dopey. (Int -2) [potion of mutation]
  5799 | D:7      | Gained mutation: Scrolls take you a little longer to read. [potion of mutation]
  5799 | D:7      | Gained mutation: You have sharp toenails. [potion of mutation]
  5893 | D:7      | Reached skill level 6 in Necromancy
  5896 | D:7      | Reached skill level 5 in Dodging
  5905 | D:7      | Gained mutation: Your magical capacity is low (-10% MP). [mutagenic meat]
  5906 | D:7      | Gained mutation: You have razor-sharp toenails. [mutagenic meat]
  5907 | D:7      | Gained mutation: You passively map a small area around you. [mutagenic meat]
  5908 | D:7      | Lost mutation: Your magical capacity is low (-10% MP). [mutagenic meat]
  5909 | D:7      | Gained mutation: You are frail (-10% HP). [mutagenic meat]
  5910 | D:7      | Gained mutation: You are somewhat resistant to further mutation. [mutagenic meat]
  6234 | D:8      | Noticed Pikel
  6274 | D:7      | Gained mutation: Your body sometimes deteriorates upon taking damage. [mutagenic meat]
  6783 | D:8      | Killed Pikel
  6783 | D:8      | Reached skill level 7 in Necromancy
  6817 | D:8      | Found a blossoming altar of Fedhas.
  6951 | D:8      | Noticed Maurice
  7030 | D:8      | Killed Maurice
  7030 | D:8      | Reached XP level 10. HP: 67/75 MP: 15/17
  7110 | D:8      | Found a glowing silver altar of Zin.
  7737 | D:9      | Reached * piety under Kikubaaqudgha
  7737 | D:9      | Received a gift from Kikubaaqudgha
  7737 | D:9      | Reached skill level 5 in Staves
  7741 | D:9      | Identified Kikubaaqudgha's Incunabulum of Stolen Souls (Kikubaaqudgha gifted it to you on level 9 of the Dungeon)
  7748 | D:9      | Learned a level 3 spell: Vampiric Draining
  7751 | D:9      | Learned a level 2 spell: Sublimation of Blood
  7753 | D:9      | Learned a level 1 spell: Animate Skeleton
  7821 | D:9      | Found a bloodstained altar of Trog.
  7844 | D:9      | Reached skill level 5 in Spellcasting
  7956 | D:9      | Reached skill level 8 in Necromancy
  8192 | D:9      | Slain by an unseen horror

Vault maps used:
D:1:      onia_arrival_mini_spirals
D:2:      lemuel_coloured_pillars_altar, lemuel_doored_altar
D:3:      nicolae_overflow_hidden_temple, nemelex_altar_shiori,
          nicolae_overflow_crystal_walls, portal_sewer_entry_e
D:4:      uniq_crazy_yiuf_cottage, uniq_robin, uniq_blork_the_orc
D:5:      kennysheep_mini_moat, first_bread, serial_shops, shop
D:6:      kennysheep_mini, marbit_many_paths, temple_statues, serial_shops,
          shop, uniq_sigmund, uniq_duvessa
D:8:      kennysheep_little_box, hangedman_tree_tricks, uniq_pikel, uniq_maurice
D:9:      hangedman_cross_veins, trog_ov_bears_minmay
Temple:   triangle_lava_temple_11

Action                   |  1- 3 |  4- 6 |  7- 9 | 10-12 || total
-------------------------+-------+-------+-------+-------++-------
Melee: Spear             |   159 |   242 |    15 |       ||   416
       Quarterstaff      |       |       |   334 |   130 ||   464
Throw: Javelin           |       |    39 |    17 |       ||    56
 Cast: Corpse Rot        |       |       |     2 |       ||     2
       Vampiric Draining |       |       |       |     5 ||     5
       Animate Skeleton  |       |       |       |     1 ||     1
 Abil: Breathe Lightning |       |       |     7 |     2 ||     9
Evoke: Wand              |       |       |     4 |       ||     4
  Use: Potion            |       |     2 |     4 |     2 ||     8
       Scroll            |       |       |    18 |     2 ||    20
 Stab: Sleeping          |     6 |     2 |     6 |       ||    14
       Paralysed         |       |       |     5 |     2 ||     7
       Confused          |       |       |       |     1 ||     1
  Eat: Chunk             |     2 |     5 |    22 |     5 ||    34
       Pizza             |       |       |     2 |       ||     2
